Map: Oxide LE

Players

Kingó

  • Race: Zerg Zerg
  • League: Platinum

Ometa - Winner!

  • Race: Protoss Protoss
  • League: Platinum

VOD

Have the link to the VOD?

Description

I suck at this game

Time

  • Played on: June 4, 2021, 1:04 a.m.
  • Length: 18:23
Show
View Real Time Build Order
Export as new Build Order

Kingó Zerg 

Build Orders: Hatch First 

Get SALT Encoding   

  12  0:00  Drone  
  13  0:12  Overlord  
  13  0:16  Drone  
  14  0:30  Drone x2  
  16  0:51  Hatchery  
  16  0:54  Drone  
  16  0:56  Drone  
  17  0:59  Extractor  
  16  1:12  Spawning Pool  
  16  1:15  Drone  
  16  1:21  Drone  
  16  1:22  Drone  
  18  1:28  Drone  
  19  1:38  Overlord  
  20  2:06  Queen  
  22  2:12  Hatchery  
  22  2:13  Spine Crawler x2  
  19  2:25  Drone x2  
  19  2:28  Metabolic Boost  
  21  2:33  Drone  
  22  2:50  Roach Warren  
  21  3:05  Zergling x2  
  21  3:06  Zergling x4  
  24  3:21  Zergling x6  
  27  3:31  Queen  
  29  3:57  Overlord x4  
  29  4:03  Hatchery  
  28  4:10  Drone  
  28  4:11  Drone x4  
  33  4:21  Drone  
  34  4:25  Drone x2  
  37  4:45  Drone  
  37  4:46  Drone x5  
  37  4:50  Lair  
  42  4:56  Drone  
  42  4:57  Drone x3  
  46  5:22  Drone  
  46  5:23  Drone x10  
  57  5:31  Queen  
  59  5:45  Pneumatized Carapace  
  59  5:50  Spire  
  58  6:07  Burrow  
  58  6:11  Extractor  
  58  6:13  Extractor  
  58  6:15  Extractor  
  58  6:16  Extractor  
  54  6:29  Spore Crawler  
  53  6:33  Spore Crawler x2  
  53  6:37  Spore Crawler  
  53  6:39  Spore Crawler  
  49  6:41  Queen x2  
  49  6:43  Spore Crawler  
  52  6:54  Hydralisk Den  
  52  6:57  Drone x3  
  52  6:58  Drone  
  52  6:59  Drone x2  
  52  7:00  Drone x2  
  52  7:01  Drone  
  60  7:02  Drone x3  
  63  7:10  Extractor  
  62  7:17  Queen  
  62  7:18  Drone x2  
  62  7:21  Overlord x2  
  62  7:22  Overlord x6  
  60  7:49  Hydralisk x4  
  60  7:50  Hydralisk x8  
  84  8:05  Hydralisk x4  
  86  8:07  Zergling x10  
  93  8:24  Grooved Spines  
  93  8:28  Evolution Chamber  
  93  8:29  Drone, Evolution Chamber  
  93  8:30  Drone x2  
  93  8:31  Drone x4  
  93  8:32  Drone  
  99  8:48  Queen  
  101  8:58  Zerg Missile Weapons Level 1, Zerg Ground Armor Level 1  
  101  9:09  Drone x4  
  106  9:10  Drone x2  
  106  9:12  Zergling x2  
  106  9:13  Zergling x12  
  114  9:35  Muscular Augments  
  114  9:39  Hatchery  
  114  9:43  Overlord x3  
  114  9:44  Overlord x5  
  114  9:45  Overlord x5  
  113  9:56  Hatchery  
  105  10:17  Roach x6  
  105  10:18  Roach x2, Hydralisk x8  
  137  10:43  Corruptor  
  137  10:44  Corruptor x6  
  137  10:48  Corruptor  
  153  10:52  Corruptor  
  153  10:56  Queen  
  155  11:00  Corruptor  
  159  11:22  Overseer  
  159  11:27  Corruptor x6  
  171  11:37  Infestation Pit  
  171  11:38  Zerg Flyer Weapons Level 1  
  170  11:49  Corruptor  
  170  11:50  Corruptor x3  
  178  11:54  Zergling x2  
  178  11:55  Zergling x8  
  178  11:56  Zergling x2  
  184  12:10  Drone  
  184  12:11  Drone x2, Queen  
  103  12:59  Corruptor x9  
  103  13:00  Corruptor x4  
  129  13:07  Zergling x2  
  129  13:08  Zergling x12  
  136  13:26  Corruptor x5  
  142  13:34  Extractor x2  
  145  13:39  Drone  
  145  13:40  Drone  
  146  13:47  Corruptor  
  146  13:48  Corruptor x2  
  145  13:56  Drone  
  145  13:57  Drone x2  
  145  13:58  Drone x3  
  151  14:03  Drone  
  151  14:04  Drone x10  
  162  14:13  Drone  
  162  14:16  Corruptor x2  
  167  14:17  Corruptor  
  167  14:21  Corruptor  
  171  14:25  Corruptor  
  171  14:29  Corruptor  
  175  14:33  Corruptor  
  165  14:58  Hydralisk  
  165  14:59  Hydralisk x11  
  185  15:08  Zergling x16  
  185  15:13  Corruptor  
  185  15:14  Corruptor  
  195  15:20  Drone x2  
  175  15:42  Corruptor  
  175  15:43  Corruptor x7  
  181  15:55  Corruptor  
  181  15:56  Corruptor  
  167  16:07  Extractor  
  167  16:08  Zergling x20  
  167  16:09  Extractor, Zergling x12  
  143  16:31  Drone  
  143  16:32  Drone x2  
  141  16:33  Drone x3  
  141  16:39  Corruptor  
  142  16:40  Corruptor x5  
  142  16:41  Corruptor  
  142  16:45  Corruptor  
  151  16:48  Corruptor  
  151  16:52  Corruptor  
  152  16:55  Corruptor  
  154  17:28  Hatchery  
  154  17:29  Hatchery  
  152  17:37  Corruptor  
  152  17:38  Corruptor x6  
Show
View Real Time Build Order
Export as new Build Order

Ometa Protoss - Winner!

Build Orders: Carriers 

Get SALT Encoding   

  12  0:02  Probe  
  13  0:14  Probe  
  13  0:18  Pylon  
  14  0:26  Probe  
  15  0:38  Forge  
  15  0:39  Probe  
  16  0:52  Probe  
  17  1:09  Pylon  
  17  1:29  Photon Cannon  
  17  1:33  Photon Cannon  
  17  1:38  Probe  
  18  1:46  Assimilator  
  18  1:50  Gateway  
  18  1:56  Pylon  
  18  2:03  Pylon  
  18  2:08  Probe  
  19  2:19  Gateway  
  19  2:20  Photon Cannon  
  19  2:40  Nexus  
  19  2:48  Probe  
  20  2:55  Assimilator  
  20  3:05  Cybernetics Core  
  20  3:06  Pylon  
  20  3:10  Pylon  
  20  3:12  Pylon  
  20  3:31  Photon Cannon x2  
  20  3:40  Pylon  
  20  3:45  Probe  
  21  3:52  Stargate  
  21  3:56  Probe (Chrono Boost)  
  21  3:58  Probe (Chrono Boost)  
  23  4:06  Probe (Chrono Boost)  
  23  4:07  Probe (Chrono Boost), Shield Battery  
  25  4:11  Photon Cannon, Probe (Chrono Boost)  
  25  4:12  Probe (Chrono Boost)  
  27  4:22  Probe (Chrono Boost)  
  29  4:24  Probe (Chrono Boost)  
  29  4:26  Void Ray (Chrono Boost)  
  29  4:30  Probe x2 (Chrono Boost)  
  34  4:42  Assimilator  
  34  4:44  Assimilator  
  34  4:49  Stargate  
  34  4:51  Probe x2  
  36  4:57  Void Ray  
  36  5:05  Probe (Chrono Boost)  
  36  5:06  Probe (Chrono Boost)  
  42  5:18  Probe x2 (Chrono Boost)  
  44  5:24  Probe (Chrono Boost)  
  44  5:26  Probe (Chrono Boost)  
  44  5:27  Cybernetics Core  
  46  5:32  Probe  
  46  5:34  Protoss Air Weapons Level 1  
  47  5:36  Probe  
  47  5:37  Void Ray (Chrono Boost)  
  52  5:51  Pylon  
  52  5:55  Pylon  
  52  6:00  Void Ray (Chrono Boost)  
  52  6:07  Probe x2  
  58  6:18  Protoss Air Armor Level 1, Void Ray (Chrono Boost)  
  62  6:19  Probe x2  
  64  6:34  Pylon  
  64  6:35  Void Ray  
  64  6:37  Pylon  
  64  6:41  Pylon x2  
  68  6:49  Void Ray  
  68  6:50  Shield Battery  
  72  7:04  Probe x2  
  74  7:13  Void Ray  
  74  7:15  Nexus  
  74  7:18  Stargate  
  78  7:48  Assimilator  
  78  7:51  Probe x2  
  84  7:52  Assimilator  
  84  7:56  Pylon  
  84  7:59  Fleet Beacon  
  84  8:03  Probe  
  81  8:28  Probe x2  
  81  8:30  Probe  
  81  8:32  Shield Battery  
  84  8:34  Shield Battery  
  84  8:37  Shield Battery  
  84  8:40  Probe x2  
  86  8:42  Probe  
  86  8:44  Carrier (Chrono Boost)  
  86  8:45  Carrier x2 (Chrono Boost)  
  105  8:53  Nexus  
  105  9:14  Stargate  
  105  9:17  Probe x3, Assimilator  
  105  9:19  Assimilator  
  105  9:21  Pylon  
  108  9:28  Pylon  
  108  9:29  Probe x3  
  111  9:34  Pylon  
  111  9:41  Probe x2  
  111  9:44  Probe  
  114  9:49  Protoss Air Armor Level 2 (Chrono Boost)  
  114  9:50  Protoss Air Weapons Level 2 (Chrono Boost)  
  114  9:53  Probe  
  114  9:54  Probe  
  114  9:56  Probe  
  117  10:06  Probe, Carrier  
  114  10:14  Probe x3  
  114  10:18  Probe  
  114  10:19  Shield Battery  
  118  10:21  Shield Battery  
  118  10:24  Shield Battery  
  118  10:26  Shield Battery  
  118  10:30  Shield Battery  
  118  10:33  Carrier  
  124  10:42  Carrier  
  130  10:49  Carrier  
  136  10:58  Probe x4  
  140  11:10  Probe x3  
  143  11:13  Nexus  
  149  11:25  Carrier  
  149  11:28  Assimilator  
  149  11:31  Probe x4  
  153  11:33  Assimilator  
  153  11:43  Probe x2  
  153  11:44  Pylon  
  153  11:45  Pylon  
  155  12:02  Carrier  
  161  12:18  Carrier  
  167  12:24  Pylon  
  167  12:25  Carrier  
  167  12:26  Pylon  
  161  12:52  Mothership  
  161  12:57  Probe x5  
  166  13:05  Pylon  
  166  13:09  Probe  
  167  13:17  Carrier  
  181  13:26  Carrier  
  187  13:30  Protoss Air Weapons Level 3 (Chrono Boost)  
  187  13:31  Protoss Air Armor Level 3 (Chrono Boost)  
  187  13:35  Probe  
  187  13:36  Probe x3  
  191  13:48  Probe  
  191  13:55  Carrier  
  191  14:14  Carrier  
  185  14:53  Carrier x2  
  177  15:09  Shield Battery  
  177  15:10  Carrier (Chrono Boost)  
  177  15:12  Shield Battery  
  183  15:15  Shield Battery  
  183  15:18  Shield Battery  
  189  15:25  Carrier (Chrono Boost)  
  171  15:56  Carrier x2 (Chrono Boost)  
  169  16:14  Carrier (Chrono Boost)  
  175  16:21  Carrier (Chrono Boost)  
  181  16:29  Stargate  
  181  16:31  Stargate  
  181  16:47  Carrier (Chrono Boost)  
  181  16:48  Carrier (Chrono Boost)  
  191  17:06  Carrier (Chrono Boost)  
Tags
 
Composition
Carriers
Matchup
PvZ
Add a new tag
Caveats
  • Supply blocks, unpowered buildings, or Contaminate may cause inaccurate times.
  • Supply counts are checked every 10 seconds.